 Dungeon Crawl Stone Soup version 0.22.1-5-g62c59d9 (webtiles) character file.

99 Pedason the Twirler (level 4, -3/35 HPs)
             Began as a Demonspawn Gladiator on Jan 8, 2019.
             Slain by Sigmund
             ... wielding a +0 scythe
              (4 damage)
             ... on level 2 of the Dungeon.
             The game lasted 00:05:09 (1263 turns).

Pedason the Twirler (Demonspawn Gladiator)          Turns: 1263, Time: 00:05:10

Health: -3/35      AC:  5    Str: 15    XL:     4   Next: 45%
Magic:  4/4        EV: 12    Int:  9    God:
Gold:   103        SH:  0    Dex: 15    Spells: 3/3 levels left

rFire    . . .     SeeInvis .   a - +0 quarterstaff
rCold    + + .     Gourm    .   (shield currently unavailable)
rNeg     + . .     Faith    .   p - +1 leather armour {rC+}
rPois    .         Spirit   .   c - +0 helmet
rElec    .         Reflect  .   (no cloak)
rCorr    .         Harm     .   (no gloves)
MR       .....                  (no boots)
Stlth    +.........             (no amulet)
HPRegen  0.11/turn              e - ring of positive energy
MPRegen  0.09/turn              (no ring)

@: confused
A: cold resistance 1, powered by death 2
a: no special abilities


You were on level 2 of the Dungeon.
You were not hungry.

You visited 1 branch of the dungeon, and saw 2 of its levels.

You collected 103 gold pieces.

Inventory:

Hand Weapons
 a - a +0 quarterstaff (weapon)
Missiles
 d - 3 throwing nets (quivered)
Armour
 c - a +0 helmet (worn)
 g - a +0 plate armour
 j - a +0 buckler
 p - a +1 leather armour of cold resistance (worn)
 u - a +0 pair of gloves
Jewellery
 e - a ring of positive energy (left hand)
Scrolls
 b - a scroll of fog {unknown}
 k - a scroll of identify {unknown}
 l - a scroll of fear {unknown}
 m - a scroll of amnesia {unknown}
 n - a scroll of remove curse {unknown}
 o - a scroll of noise {unknown}
 q - 2 scrolls of teleportation {unknown}
 s - a scroll of enchant armour {unknown}
 t - a scroll of blinking {unknown}
Potions
 h - a potion of mutation {unknown}
 i - a potion of haste {unknown}
 r - a potion of agility {unknown}
Comestibles
 f - 3 rations


   Skills:
 + Level 3.1 Fighting
 * Level 4.2 Staves
 - Level 1.7 Throwing
 - Level 2.6 Dodging


You had 3 spell levels left.
You didn't know any spells.
Your spell library was empty.

Dungeon Overview and Level Annotations

Branches:
Dungeon (2/15)

Altars:

Annotations:
D:2 Sigmund


Innate Abilities, Weirdness & Mutations

Your flesh is cold resistant. (rC+)
You regenerate health from kills.


Message History

You hit something. Something hits you!
You hit something.
You hear some strange, mumbled words.
Something tries to affect you, but you resist.
You sock something!
You hear some strange, mumbled words.
A magic dart appears from out of thin air!
The magic dart hits you!
You miss something. You hit something but do no damage.
Something hits you but does no damage.
You barely miss something. Something hits you.
* * * LOW HITPOINT WARNING * * *
You hit something but do no damage. You completely miss something.
You hear some strange, mumbled words.
You are confused.
You barely miss something. Something hits you!
* * * LOW HITPOINT WARNING * * *
You bump into the rock wall.
Something hits you.
You die...

..# #.....# #....>.# ..#
#.....# #......#
..######.....# #(.....#
.............## #.....†######
..######......##
#...........#### ..#
#.†.....# ##########......
.## #######.# ##....###.#
..### #..#######..######.#
#...#### #{@[..##..##......#
#).....#####
#####.##.##..######
#..........## #.##....##
#####.......#######......###
#####...##.............######
####
#......###....####.......
...## ###>.......####
########
....#####...........####### #
.....##...#.###..#........#


There were no monsters in sight!

Vanquished Creatures
  4 adders (D:2)
  4 oozes
  A bat zombie (D:2)
  A giant cockroach (D:2)
  4 goblins
  3 hobgoblins
  5 jackals
  7 kobolds (D:1)
  6 bats
  10 frilled lizards
  3 rats
48 creatures vanquished.

Notes
Turn   | Place    | Note
-------+----------+-------------------------------------------
     0 | D:1      | Pedason the Demonspawn Gladiator began the quest for the
                  | Orb.
     0 | D:1      | Reached XP level 1. HP: 16/16 MP: 1/1
    31 | D:1      | Reached skill level 3 in Staves
   159 | D:1      | Gained mutation: You regenerate a little health from kills.
                  | [demonic ancestry]
   159 | D:1      | Reached XP level 2. HP: 20/22 MP: 2/2
   356 | D:1      | Gained mutation: You regenerate health from kills. [demonic
                  | ancestry]
   356 | D:1      | Reached XP level 3. HP: 28/28 MP: 3/3
   917 | D:2      | Reached skill level 4 in Staves
   917 | D:2      | Gained mutation: Your flesh is cold resistant. (rC+)
                  | [demonic ancestry]
   917 | D:2      | Reached XP level 4. HP: 34/34 MP: 4/4
  1250 | D:2      | Noticed Sigmund
  1262 | D:2      | HP: 1/35 [something (8)]
  1263 | D:2      | Slain by Sigmund

Skill      XL: |  1  2  3  4 |
---------------+-------------+-----
Staves         | 3 4 |  4.2
Fighting       | 3 |  3.1
Throwing       | |  1.7
Dodging        | |  2.6

Action                   |  1- 3 |  4- 6 || total
-------------------------+-------+-------++-------
Melee: Quarterstaff      |   134 |    36 ||   170
 Stab: Sleeping          |     3 |       ||     3
  Eat: Chunk             |       |     1 ||     1
Armor: Leather armour    |    44 |    18 ||    62
Dodge: Dodged            |   114 |    37 ||   151
